 Dungeon Crawl Stone Soup version 0.28.0-43-g3370ac3207 (webtiles) character file.

Game seed: 5160043420314712635

283 boopmooplesden the Covered (level 6, -4/53 HPs)
             Began as a Minotaur Fighter on Mar 7, 2022.
             Slain by an orc warrior
             ... wielding a +0 mace
              (8 damage)
             ... on level 6 of the Dungeon.
             The game lasted 00:04:29 (2536 turns).

boopmooplesden the Covered (Minotaur Fighter)       Turns: 2536, Time: 00:04:29

Health: -4/53      AC:  8    Str: 22    XL:     6   Next: 7%
Magic:  5/5        EV:  9    Int:  5    God:
Gold:   68         SH:  4    Dex: 10    Spells: 5/5 levels left

rFire   . . .      SeeInvis .   a - +0 long sword
rCold   . . .      Faith    .   c - +0 buckler
rNeg    . . .      Spirit   .   j - +0 scale mail
rPois   .          Reflect  .   (helmet restricted)
rElec   .          Harm     .   (no cloak)
rCorr   .          Rampage  .   i - +0 pair of gloves
Will    .....                   (no boots)
Stlth   ..........              (no amulet)
HPRegen 0.17/turn               (no ring)
MPRegen 0.09/turn               (no ring)

@: mighty
A: horns 2, retaliatory headbutt
a: no special abilities


You were on level 6 of the Dungeon.
You visited 1 branch of the dungeon, and saw 5 of its levels.

You collected 113 gold pieces.
You spent 45 gold pieces at shops.

Inventory:

Hand Weapons
 a - a +0 long sword (weapon)
 b - a +0 hunting sling
Missiles
 g - 6 sling bullets
Armour
 c - a +0 buckler (worn)
 i - a +0 pair of gloves (worn)
 j - a +0 scale mail (worn)
Scrolls
 e - 3 scrolls of identify
 h - a scroll of fog
Potions
 f - 3 potions of curing


   Skills:
 + Level 4.4 Fighting
 + Level 4.2 Long Blades
 + Level 2.7 Slings
 + Level 5.1 Armour
 + Level 1.3 Dodging
 + Level 0.4 Stealth
 + Level 4.2 Shields


You had 5 spell levels left.
You didn't know any spells.
Your spell library contained the following spells:

 Spells                   Type           Power      Damage    Failure   Level
 Static Discharge         Conj/Air       0%         N/A       95%         2
 Dispel Undead            Necr           0%         3d6       100%        4
 Sticky Flame             Conj/Fire      0%         2d3       100%        4


Dungeon Overview and Level Annotations

Branches:
Dungeon (4/15)
 Temple: D:4-7

Altars:
Elyvilon

Shops:
D:4 [


Innate Abilities, Weirdness & Mutations

You have a pair of horns on your head.
You reflexively headbutt those who attack you in melee.


Message History

The orc priest looks satisfied for a moment.
An orc warrior comes into view. It is wielding a +0 mace.
You see here 21 gold pieces.
You open the door.
The orc warrior shouts!
The orc warrior throws a boomerang.
The boomerang hits you!
* * * LOW HITPOINT WARNING * * *
There is an open door, spattered with blood here.
You are too injured to fight recklessly!
You feel much better.
The orc priest mumbles some strange prayers to Beogh against you.
Beogh smites you!
You feel very mighty all of a sudden.
The orc priest looks braver for a moment.
You slash the orc priest! You headbutt the orc priest.
You kill the orc priest!
The orc warrior throws a boomerang.
The boomerang hits you.
You have reached level 6!
An orc comes into view. It is wielding a +0 whip.
The orc shouts!
Things that are here:
a +0 dagger; a +0 leather armour You closely miss the orc warrior.
You block the orc warrior's attack.
The orc warrior hits you with a +0 mace.
You hit the orc warrior but do no damage.
The orc warrior closely misses you. You furiously retaliate!
You headbutt the orc warrior, but do no damage.
You slash the orc warrior!
The orc warrior is moderately wounded.
The orc warrior hits you with a +0 mace.
You barely miss the orc warrior.
The orc warrior is moderately wounded.
The orc warrior completely misses you. You furiously retaliate!
You headbutt the orc warrior, but do no damage.
The orc warrior hits you with a +0 mace!
* * * LOW HITPOINT WARNING * * *
You barely miss the orc warrior. Your headbutt misses the orc warrior.
The orc warrior is moderately wounded.
The orc warrior hits you with a +0 mace!
You die...

######+#####
#...........
#...........
#...........
#######...........
#....@oo..........
#.#####...........
# #...........
#...$.......
#...........
#...........
#...........
#..o........
##..........


You could see an orc warrior and an orc.

Vanquished Creatures
  A necrophage (D:3)
  2 orc priests
  An iguana (D:6)
  2 adders
  An ufetubus (D:3)
  A worm (D:3)
  4 dart slugs
  4 orcs
  9 endoplasms
  3 giant cockroaches
  8 goblins
  9 hobgoblins
  4 jackals (D:1)
  5 quokkas
  6 ball pythons
  5 bats
  3 frilled lizards
  2 kobolds
  7 rats
77 creatures vanquished.

Notes
Turn   | Place    | Note
-------+----------+-------------------------------------------
     0 | D:1      | boopmooplesden the Minotaur Fighter began the quest for the
                  | Orb.
     0 | D:1      | Reached XP level 1. HP: 19/19 MP: 0/0
   269 | D:1      | Reached XP level 2. HP: 27/27 MP: 1/1
   276 | D:1      | Reached skill level 4 in Armour
   487 | D:1      | Reached XP level 3. HP: 33/33 MP: 2/2
  1464 | D:2      | Found a faded altar of an unknown god.
  1579 | D:3      | Reached XP level 4. HP: 36/40 MP: 3/3
  1593 | D:3      | Reached skill level 1 in Dodging
  1667 | D:3      | Noticed a necrophage
  1679 | D:3      | Killed a necrophage
  1680 | D:3      | Reached skill level 1 in Slings
  1680 | D:3      | Reached XP level 5. HP: 42/47 MP: 4/4
  1756 | D:3      | Reached skill level 5 in Armour
  2344 | D:4      | Found a white marble altar of Elyvilon.
  2410 | D:4      | Found Foocy's Armour Emporium.
  2420 | D:4      | Bought a +0 pair of gloves for 45 gold pieces
  2498 | D:4      | You fall into a shaft and drop 2 floors!
  2518 | D:6      | Noticed an orc warrior
  2531 | D:6      | Reached XP level 6. HP: 22/53 MP: 5/5
  2536 | D:6      | Slain by an orc warrior

Illustrated notes

Levels and vault maps discovered:
D:1:      ncdulo_wetmaze, layout_loops_ring, corexii_corridor_pit,
          item_on_display_a
D:2:      layout_loops_cross, dreamdust_ecumenical_altar_sealed_demon,
          st_stairs_12
D:3:      layout_basic
D:4:      layout_gridville, nicolae_overflow_crystal_walls, serial_shops, shop,
          uniq_blork_the_orc
D:6:      minmay_bubble_buster, layout_basic

Skill      XL: |  1  2  3  4  5 |
---------------+----------------+-----
Armour         | 4 5 |  5.1
Shields        | 4 |  4.2
Fighting       | 4 |  4.4
Long Blades    | 3 4 |  4.2
Dodging        | 1 |  1.3
Slings         | 1 2 |  2.7
Stealth        | |  0.4

Action                   |  1- 3 |  4- 6 || total
-------------------------+-------+-------++-------
Melee: Long sword        |    94 |    67 ||   161
       Headbutt          |    10 |    10 ||    20
 Fire: Hunting sling     |    13 |    27 ||    40
  Use: Scroll            |       |     7 ||     7
       Potion            |       |     2 ||     2
Armor: Scale mail        |    31 |    27 ||    58
Dodge: Dodged            |    35 |    39 ||    74
Block: Buckler           |    18 |    10 ||    28
